 Dungeon Crawl Stone Soup version 0.19.1-28-ge1247f7 (webtiles) character file.

31 Megalobster the Conjurer (level 3, 18/19 HPs)
             Began as a Deep Elf Conjurer on Jan 21, 2017.
             Quit the game on level 2 of the Dungeon.
             The game lasted 00:03:47 (879 turns).

Megalobster the Conjurer (Deep Elf Conjurer)         Turns: 879, Time: 00:03:48

Health: 18/19      AC:  2    Str:  6    XL:     3   Next: 7%
Magic:  17/19      EV: 13    Int: 19    God:
Gold:   34         SH:  0    Dex: 15    Spells: 2 memorised, 6 levels left

rFire  . . .     SeeInvis .     d - +0 short sword
rCold  . . .     Gourm    .     a - +0 robe
rNeg   . . .     Faith    .     (no shield)
rPois  .         Spirit   .     (no helmet)
rElec  .         Reflect  .     (no cloak)
rCorr  .         Harm     .     (no gloves)
MR     +....                    (no boots)
Stlth  ++........               (no amulet)
                                n - ring of protection from magic
                                f - ring of magical power (curse)

@: no status effects
A: no striking features
a: no special abilities


You were on level 2 of the Dungeon.
You were not hungry.

You visited 1 branch of the dungeon, and saw 2 of its levels.

You collected 34 gold pieces.

Inventory:

Hand Weapons
 d - a +0 short sword (weapon)
 e - a +0 spear
Armour
 a - a +0 robe (worn)
Jewellery
 f - a cursed ring of magical power (left hand)
 n - a ring of protection from magic (right hand)
 q - an uncursed ring of flight
Scrolls
 j - a scroll of teleportation {unknown}
 l - 2 scrolls of enchant armour {unknown}
 m - a scroll of blinking {unknown}
 o - a scroll of recharging {unknown}
 p - 2 scrolls of remove curse {unknown}
 r - a scroll of immolation {unknown}
Potions
 i - a potion of flight {unknown}
 k - 2 potions of might {unknown}
Books
 b - a book of Conjurations

   Spells                             Type                      Level
   a - Magic Dart                     Conjuration                  1
   b - Searing Ray                    Conjuration                  2
   c - Dazzling Spray                 Conjuration/Hexes            3
   d - Fulminant Prism                Conjuration/Hexes            4
   e - Iskenderun's Mystic Blast      Conjuration                  4
   f - Iskenderun's Battlesphere      Conjuration/Charms           5
Comestibles
 c - a bread ration
 g - 7 chunks of flesh
 h - a beef jerky


   Skills:
 - Level 2.4 Dodging
 - Level 2.4 Stealth
 + Level 3.5 Spellcasting
 * Level 5.2 Conjurations


You had 6 spell levels left.
You knew the following spells:

 Your Spells              Type           Power        Failure   Level  Hunger
a - Magic Dart            Conj           ###.         1%          1    None
b - Searing Ray           Conj           ###...       2%          2    ##.....


Dungeon Overview and Level Annotations

Branches:
Dungeon (2/15)

Altars:


Message History

Aim: a leopard gecko (clinging)
The magic dart hits the leopard gecko.
The leopard gecko is severely wounded.
The leopard gecko bites you.
There is an open door here.
You closely miss the leopard gecko.
The leopard gecko is severely wounded.
The leopard gecko closely misses you.
The leopard gecko bites you but does no damage.
You hit the leopard gecko.
You kill the leopard gecko!
You see here a leopard gecko corpse.
You butcher the leopard gecko corpse.
g - 6 chunks of flesh (gained 1) Some of the chunks of flesh in your inventory have rotted away.
You see here a goblin corpse.
You butcher the goblin corpse.
g - 7 chunks of flesh (gained 3)
You see here a goblin skeleton.
Are you sure you want to abandon this character and quit the game? (Confirm with "yes".)

#.###.#.#### #.......#
#+## #####.### ##...##
##.# ##.....## ##..#
##.......##
##...####.........#
#..)....+.........+
##...####.........#
##..# #@......# ##.#
##รท....## #####.#
##...## #.....# ##'##
#.##### #..## #.#
###...## #.# #......##
#.# ##.......#
#.#########..<........


There were no monsters in sight!

Vanquished Creatures
  A worm (D:2)
  A dart slug (D:1)
  4 leopard geckos
  A ball python (D:1)
  A giant cockroach (D:1)
  4 goblins
  3 hobgoblins
  2 frilled lizards (D:1)
  4 rats
21 creatures vanquished.

Notes
Turn   | Place    | Note
-------+----------+-------------------------------------------
     0 | D:1      | Megalobster the Deep Elf Conjurer began the quest for the Orb.
     0 | D:1      | Reached XP level 1. HP: 10/10 MP: 6/6
   315 | D:1      | Reached XP level 2. HP: 15/15 MP: 4/8
   319 | D:1      | Learned a level 2 spell: Searing Ray
   510 | D:1      | Reached skill level 5 in Conjurations
   867 | D:2      | Reached XP level 3. HP: 19/19 MP: 10/10
   879 | D:2      | Quit the game

Skill      XL: |  1  2 |
---------------+-------+-----
Conjurations   | 5 |  5.2
Dodging        | |  2.4
Stealth        | |  2.4
Spellcasting   | |  3.5

Action                   || total
-------------------------++-------
Melee: Short sword       ||     7
       Unarmed           ||     1
 Cast: Magic Dart        ||    39
       Searing Ray       ||     2
Armor: Robe              ||     1
Dodge: Dodged            ||     2
